 Dungeon Sprint DCSS version 0.18-a0-1140-g8540535 (webtiles) character file.

11350 Kidiri the Unseen (level 11, -12/47 HPs)
             Began as a Spriggan Enchanter on Jan 21, 2016.
             Was the Champion of Dithmenos.
             Killed from afar by a fire dragon (37 damage)
             ... with a blast of flame
             ... in the Dungeon (Sprint III: "The Ten Rune Challenge").
             The game lasted 00:14:22 (2661 turns).

Kidiri the Unseen (Spriggan Enchanter)              Turns: 2661, Time: 00:14:23

Health: -12/47     AC:  3    Str:  4    XL:     11   Next: 48%
Magic:  25/30      EV: 34    Int: 18    God:    Dithmenos [******]
Gold:   40         SH:  0    Dex: 19    Spells: 5 memorised, 26 levels left

rFire  . . .     SeeInvis +     a - +1 dagger
rCold  . . .     Gourm    .     b - +1 robe
rNeg   . . .     Faith    .     (shield restricted)
rPois  .         Spirit   .     (helmet restricted)
rElec  .         Dismiss  .     (no cloak)
rCorr  .         Reflect  .     (gloves unavailable)
SustAt .         Harm     .     (boots unavailable)
MR     +....     NoTele   +     (no amulet)
Stlth  ++++++++++               (no ring)
                                (no ring)

@: wreathed by umbra, very quick, somewhat resistant to hostile enchantments,
uncannily stealthy
A: unfitting armour, see invisible, herbivore 3, speed 3, slow metabolism 2
a: Shadow Step, Shadow Form, Renounce Religion


You were in the Dungeon.
You worshipped Dithmenos.
Dithmenos was exalted by your worship.
You were not hungry.

You visited 1 branch You collected 40 gold pieces.

Inventory:

Hand Weapons
 a - a +1 dagger (weapon)
Missiles
 p - 10 throwing nets (quivered)
Armour
 b - a +1 robe (worn)
Wands
 n - a wand of teleportation (6/9)
Scrolls
 j - a scroll of blinking
 k - a scroll of recharging
 m - a scroll of torment
 r - a scroll of holy word {unknown}
Potions
 e - a potion of curing
 f - a potion of heal wounds
 g - a potion of haste
 h - 2 potions of magic
 i - 2 potions of berserk rage
 l - a potion of cure mutation
 o - a potion of cancellation {unknown}
 q - 3 potions of flight
 s - 2 potions of might
Comestibles
 c - 26 royal jellies
 d - a bread ration
 t - 6 fruits


   Skills:
 * Level 13.4 Short Blades
 * Level 16.9 Dodging
 * Level 18.2 Stealth
 * Level 14.3 Spellcasting
 + Level 6.4 Conjurations
 + Level 11.2 Hexes
 + Level 7.2 Ice Magic
 - Level 3.5 Invocations


You had 26 spell levels left.
You knew the following spells:

 Your Spells              Type           Power        Failure   Level  Hunger
a - Corona                Hex            ######.      1%          1    None
b - Ensorcelled Hibernat  Hex/Ice        #####.       1%          2    None
c - Confuse               Hex            ######..     1%          3    None
d - Tukima's Dance        Hex            ######..     1%          3    None
e - Dazzling Spray        Conj/Hex       #####...     1%          3    None


Dungeon Overview and Level Annotations

Branches:
Dungeon (1/1)

Altars:
Cheibriados
Dithmenos
Elyvilon
Fedhas
Gozag
Kikubaaqudgha
Makhleb
Nemelex Xobeh
Okawaru
Pakellas
Qazlal
Ru
Sif Muna
Trog
Vehumet
Xom
Yredelemnul
Zin
The Shining One
Jiyva
Lugonu


Innate Abilities, Weirdness & Mutations

You are tiny and cannot use many weapons and most armour.
You have supernaturally acute eyesight.
You are a herbivore.
You cover ground extremely quickly.
You need consume almost no food.


Message History

Confirm with . or Enter, or press ? or * to list all spells.
Aiming: Ensorcelled Hibernation
Press: ? - help, Shift-Dir - straight line, f - fire dragon
Aim: a fire dragon (heavily wounded, umbra, chance to defeat MR: 36%)
The fire dragon easily resists.
The fire dragon breathes flames at you. The blast of flame hits you!
You emit a cloud of dark smoke.
Unknown command.
Casting: Ensorcelled Hibernation
Confirm with . or Enter, or press ? or * to list all spells.
Aiming: Confuse
Press: ? - help, Shift-Dir - straight line, f/p - fire dragon
Aim: a fire dragon (black smoke, heavily wounded, catching its breath, umbra, chance to defeat MR: 38%)
The fire dragon resists with some effort.
Your shadow mimicks your spell!
The fire dragon resists with almost no effort.
The fire dragon breathes flames at you. The blast of flame hits you!
Ouch! That really hurt!
You die...

###'♣♣♣♣♣♣♣♣♣♣♣♣♣♣♣
♣♣♣♣.##..##≈≈≈≈≈≈..#
♣..%##%##.#≈≈≈≈§...#
♣♣.##%##.##%≈≈≈≈≈####+#
♣..#.##...#≈≈...§.§§§#
♣♣%##.##.)#≈..+#######
♣♣.##.#####...#....))#
♣.....##§§§...#♣♣♣._)#
########@###### #####
#D♣♣ #♣§♣ ♣≈♣♣ ♣♣.♣
♣§♣♣ ♣§♣♣ ♣§§♣ ♣♣§♣


You could see a fire dragon.

Vanquished Creatures
  Maud (D)
  A fire dragon (D)
  Erolcha (D)
  2 hydras (D)
  A death drake (D)
  A spriggan druid (D)
  A lindwurm (D)
  A deep elf mage (D)
  2 spiny frogs (D)
  A komodo dragon (D)
  A queen bee (D)
  3 wandering mushrooms (D)
  2 giant leeches (D)
  2 spriggans (D)
  5 redbacks (D)
  A shadow (D)
  A spatial vortex (D)
  A hill giant (D)
  A necrophage (D)
  A water elemental (D)
  30 killer bees (D)
  An electric eel (D)
  A wizard (D)
  A jelly (D)
  Jessica (D)
  A necromancer (D)
  A wolf (D)
  3 humans (D)
  A kobold demonologist (D)
  An ooze (D)
  2 rats (D)
73 creatures vanquished.

Vanquished Creatures (collateral kills)
  A hill giant (D)
  3 two-headed ogres (D)
  A killer bee (D)
5 creatures vanquished.

Vanquished Creatures (others)
  2 draconian scorchers (D)
  2 yaktaurs (D)
  2 fire drakes (D)
  A killer bee (D)
  5 plants (D)
12 creatures vanquished.

Grand Total: 90 creatures vanquished

Notes
Turn   | Place    | Note
--------------------------------------------------------------
     0 | D        | Kidiri the Spriggan Enchanter began the quest for the Orb.
     0 | D        | Reached XP level 1. HP: 9/9 MP: 5/5
    20 | D        | Reached skill level 5 in Stealth
   155 | D        | Noticed Jessica
   167 | D        | Killed Jessica
   167 | D        | Reached skill level 6 in Stealth
   167 | D        | Reached XP level 2. HP: 10/13 MP: 5/8
   167 | D        | Reached XP level 3. HP: 12/16 MP: 5/9
   173 | D        | Learned a level 3 spell: Confuse
   176 | D        | Learned a level 2 spell: Ensorcelled Hibernation
   180 | D        | Learned a level 3 spell: Dazzling Spray
   197 | D        | Killed a white draconian scorcher
   262 | D        | Reached skill level 5 in Dodging
   269 | D        | Reached skill level 7 in Stealth
   269 | D        | Reached skill level 1 in Ice Magic
   269 | D        | Reached XP level 4. HP: 21/21 MP: 7/11
   271 | D        | Killed a yaktaur
   276 | D        | Learned a level 3 spell: Tukima's Dance
   291 | D        | Gained mutation: You can translocate small distances at will. [potion of mutation]
   291 | D        | Gained mutation: You are clumsy. (Dex -2) [potion of mutation]
   291 | D        | Gained mutation: Your spells are a little easier to cast, but a little less powerful. [potion of mutation]
   292 | D        | Lost mutation: Your spells are a little easier to cast, but a little less powerful. [potion of cure mutation]
   292 | D        | Lost mutation: You are clumsy. (Dex -2) [potion of cure mutation]
   292 | D        | Lost mutation: You can translocate small distances at will. [potion of cure mutation]
   293 | D        | Gained mutation: You expend magic power (3 MP) to strengthen your wands. [potion of mutation]
   293 | D        | Gained mutation: You are weak. (Str -2) [potion of mutation]
   294 | D        | Lost mutation: You are weak. (Str -2) [potion of cure mutation]
   294 | D        | Lost mutation: You expend magic power (3 MP) to strengthen your wands. [potion of cure mutation]
   328 | D        | Killed a white draconian scorcher
   346 | D        | Noticed a water elemental
   349 | D        | Killed a water elemental
   349 | D        | Reached skill level 8 in Stealth
   349 | D        | Reached skill level 5 in Spellcasting
   349 | D        | Reached skill level 1 in Conjurations
   349 | D        | Reached skill level 5 in Hexes
   361 | D        | Noticed a shadow
   363 | D        | Killed a shadow
   363 | D        | Reached skill level 9 in Stealth
   363 | D        | Reached XP level 5. HP: 24/24 MP: 12/15
   363 | D        | Reached XP level 6. HP: 28/28 MP: 13/17
   377 | D        | Killed a fire drake
   393 | D        | Found an oddly glowing altar of Pakellas.
   393 | D        | Found a stormy altar of Qazlal.
   394 | D        | Found a sacrificial altar of Ru.
   394 | D        | Found a burning altar of Makhleb.
   394 | D        | Found a viscous altar of Jiyva.
   394 | D        | Found a shimmering altar of Xom.
   394 | D        | Found a shadowy altar of Dithmenos.
   394 | D        | Found a sparkling altar of Nemelex Xobeh.
   394 | D        | Found a corrupted altar of Lugonu.
   394 | D        | Found an opulent altar of Gozag.
   394 | D        | Noticed a spatial vortex
   398 | D        | Became a worshipper of Dithmenos the Shadowed
   422 | D        | Killed a spatial vortex
   422 | D        | Reached skill level 10 in Stealth
   422 | D        | Reached skill level 1 in Invocations
   517 | D        | Killed a fire drake
   609 | D        | Found a radiant altar of Vehumet.
   610 | D        | Found a deep blue altar of Sif Muna.
   610 | D        | Found an ancient bone altar of Kikubaaqudgha.
   610 | D        | Killed a yaktaur
   631 | D        | Found a glowing silver altar of Zin.
   632 | D        | Found a glowing golden altar of the Shining One.
   632 | D        | Found a white marble altar of Elyvilon.
   632 | D        | Noticed a deep elf mage
   635 | D        | Noticed a demonic crawler
   638 | D        | Killed a deep elf mage
   638 | D        | Reached * piety under Dithmenos
   638 | D        | Reached skill level 10 in Dodging
   638 | D        | Reached skill level 11 in Stealth
   638 | D        | Reached XP level 7. HP: 18/32 MP: 9/20
   774 | D        | Found an iron altar of Okawaru.
   775 | D        | Found a bloodstained altar of Trog.
   775 | D        | Noticed a human
   775 | D        | Noticed a human
   778 | D        | Killed a human
   778 | D        | Reached skill level 12 in Stealth
   781 | D        | Killed a human
   781 | D        | Reached XP level 8. HP: 36/36 MP: 15/22
   821 | D        | Found a snail-covered altar of Cheibriados.
   822 | D        | Found a basalt altar of Yredelemnul.
   822 | D        | Found a blossoming altar of Fedhas.
   825 | D        | Reached ** piety under Dithmenos
   899 | D        | Reached *** piety under Dithmenos
  1128 | D        | Noticed Erolcha
  1130 | D        | Killed Erolcha
  1130 | D        | Reached skill level 13 in Stealth
  1130 | D        | Reached skill level 10 in Spellcasting
  1130 | D        | Reached XP level 9. HP: 39/39 MP: 22/24
  1148 | D        | Reached skill level 10 in Short Blades
  1148 | D        | Reached skill level 14 in Stealth
  1148 | D        | Reached skill level 5 in Ice Magic
  1236 | D        | Noticed a queen bee
  1240 | D        | Killed a queen bee
  1242 | D        | Reached **** piety under Dithmenos
  1264 | D        | Reached ***** piety under Dithmenos
  1594 | D        | Reached ****** piety under Dithmenos
  1600 | D        | Reached skill level 15 in Stealth
  1600 | D        | Reached skill level 5 in Conjurations
  1743 | D        | Reached XP level 10. HP: 44/44 MP: 19/26
  2019 | D        | Noticed a spiny frog
  2019 | D        | Noticed a spiny frog
  2023 | D        | Killed a spiny frog
  2026 | D        | Killed a spiny frog
  2026 | D        | Reached skill level 15 in Dodging
  2026 | D        | Reached skill level 16 in Stealth
  2034 | D        | Reached skill level 10 in Hexes
  2098 | D        | Noticed a lindwurm
  2101 | D        | Killed a lindwurm
  2122 | D        | Noticed Maud
  2124 | D        | Killed Maud
  2124 | D        | Reached skill level 17 in Stealth
  2124 | D        | Reached XP level 11. HP: 47/47 MP: 29/29
  2128 | D        | Noticed a seven-headed hydra
  2128 | D        | Noticed a five-headed hydra
  2140 | D        | Killed a five-headed hydra
  2196 | D        | Killed a seven-headed hydra
  2239 | D        | Noticed a death drake
  2241 | D        | Killed a death drake
  2250 | D        | Found a blossoming altar of Fedhas.
  2250 | D        | Noticed a spriggan druid
  2252 | D        | Killed a spriggan druid
  2254 | D        | Reached skill level 18 in Stealth
  2299 | D        | Noticed a fire dragon
  2301 | D        | Noticed a fire dragon
  2301 | D        | Noticed a fire dragon
  2311 | D        | Killed a fire dragon
  2356 | D        | Noticed a fire dragon
  2661 | D        | Killed from afar by a fire dragon

Vault maps used:
D:        dungeon_sprint_mu

Action                   |  1- 3 |  4- 6 |  7- 9 | 10-12 || total
-------------------------+-------+-------+-------+-------++-------
Melee: Dagger            |    20 |    21 |    86 |    28 ||   155
 Cast: Corona            |     3 |       |       |       ||     3
       Ensorcelled Hiber |     1 |     1 |    38 |    15 ||    55
       Dazzling Spray    |       |     6 |     3 |     4 ||    13
       Tukima's Dance    |       |     2 |     6 |       ||     8
       Confuse           |       |       |     4 |     4 ||     8
Invok: Shadow Step       |       |       |     2 |     5 ||     7
  Use: Scroll            |       |     4 |       |       ||     4
       Potion            |       |     4 |       |       ||     4
 Stab: Sleeping          |     4 |     6 |    29 |    22 ||    61
       Confused          |       |       |     1 |       ||     1
       Invisible         |       |       |     1 |       ||     1
       Distracted        |       |       |       |     1 ||     1
